 Dungeon Crawl Stone Soup version 0.19-a0-872-g3103843 (webtiles) character file.

56 saintsgambit the Twirler (level 3, 0/31 HPs)
             Began as a Minotaur Gladiator on July 3, 2016.
             Slain by a worm (1 damage)
             ... on level 2 of the Dungeon.
             The game lasted 00:04:50 (1179 turns).

saintsgambit the Twirler (Minotaur Gladiator)       Turns: 1179, Time: 00:04:51

Health: 0/31       AC:  3    Str: 19    XL:     3   Next: 69%
Magic:  2/2        EV: 13    Int:  6    God:
Gold:   85         SH:  0    Dex: 10    Spells: 0 memorised, 2 levels left

rFire  . . .     SeeInvis .     a - +0 quarterstaff
rCold  . . .     Gourm    .     b - +0 leather armour
rNeg   . . .     Faith    .     (shield currently unavailable)
rPois  .         Spirit   .     c - +0 hat
rElec  .         Dismiss  .     (no cloak)
rCorr  .         Reflect  .     (no gloves)
SustAt .         Harm     .     (no boots)
MR     .....                    (no amulet)
Stlth  +.........               (no ring)
                                (no ring)

@: not resistant to hostile enchantments, very unstealthy
A: retaliatory headbutt, horns 2
a: no special abilities


You were on level 2 of the Dungeon.
You were hungry.

You visited 1 branch of the dungeon, and saw 2 of its levels.

You collected 85 gold pieces.

Inventory:

Hand Weapons
 a - a +0 quarterstaff (weapon)
Missiles
 d - 3 throwing nets (quivered)
Armour
 b - a +0 leather armour (worn)
 c - a +0 hat (worn)
 p - a +0 chain mail
Scrolls
 e - a scroll of teleportation {unknown}
 g - a scroll of magic mapping {unknown}
 h - a scroll of recharging {unknown}
 k - 2 scrolls of identify {unknown}
 l - 2 scrolls of amnesia {unknown}
 q - a scroll of random uselessness {unknown}
Potions
 i - a potion of cancellation {unknown}
 n - a potion of curing {unknown}
 o - a potion of haste {unknown}
Comestibles
 f - 3 bread rations
 j - a meat ration
 m - a slice of pizza
 r - a beef jerky


   Skills:
 + Level 3.1 Fighting
 + Level 4.4 Staves
 + Level 2.0 Throwing
 + Level 1.0 Armour
 + Level 3.9 Dodging
 + Level 0.1 Stealth


You had 2 spell levels left.
You didn't know any spells.

Dungeon Overview and Level Annotations

Branches:
Dungeon (2/15)

Altars:
Pakellas


Innate Abilities, Weirdness & Mutations

You reflexively headbutt those who attack you in melee.
You have a pair of horns on your head.


Message History

You see here a ball python corpse.
The worm bites you.
Your leather armour prevents you from hitting the worm.
You hit the worm. Your headbutt misses the worm.
The worm is lightly wounded.
The worm closely misses you.
You barely miss the worm. You headbutt the worm.
The worm is moderately wounded.
The worm bites you!
* * * LOW HITPOINT WARNING * * *
You hit the worm but do no damage. Your headbutt misses the worm.
The worm is moderately wounded.
You barely miss the worm.
The worm is moderately wounded.
The worm bites you!
* * * LOW HITPOINT WARNING * * *
You barely miss the worm. Your headbutt misses the worm.
The worm is moderately wounded.
The worm bites you.
You die...

#..........# )..
#..........##.......# ..
#..........##.......#
#..........##.......#
#..........##.......###
#....(................#
.........#............# #######
.........#......w.....#####......
.........#......@........##......
.........#.......†.......##......
##########...............##......
##########...............##......
.........................##......
.........................##...#..
†........................#..#...#
...........###########....#...#..
...........###########..#...#...#


You could see a worm.

Vanquished Creatures
  2 adders (D:2)
  A worm (D:2)
  2 dart slugs (D:1)
  4 ball pythons
  A hobgoblin (D:2)
  A quokka (D:2)
  4 bats
  A giant newt (D:1)
  3 goblins
  7 kobolds
  10 rats
36 creatures vanquished.

Vanquished Creatures (others)
  A fire dragon (D:2)
  A bush (D:2)
2 creatures vanquished.

Grand Total: 38 creatures vanquished

Notes
Turn   | Place    | Note
-------+----------+-------------------------------------------
     0 | D:1      | saintsgambit the Minotaur Gladiator began the quest for the Orb.
     0 | D:1      | Reached XP level 1. HP: 18/18 MP: 0/0
   176 | D:1      | Reached skill level 4 in Staves
   213 | D:1      | Reached XP level 2. HP: 23/25 MP: 1/1
   880 | D:2      | Reached XP level 3. HP: 28/30 MP: 2/2
   933 | D:2      | Found a faded altar of an unknown god.
  1053 | D:2      | Found an oddly glowing altar of Pakellas.
  1054 | D:2      | Noticed a fire dragon
  1067 | D:2      | Killed a fire dragon
  1100 | D:2      | Reached skill level 1 in Armour
  1178 | D:2      | HP: 1/31 [worm (8)]
  1179 | D:2      | Slain by a worm

Vault maps used:
D:1:      lemuel_arrival_hallway, patterned_corridor
D:2:      ecumenical_altar_1, hex_large, gammafunk_pakellas_spire_experiment

Skill      XL: |  1  2  3 |
---------------+----------+-----
Staves         | 4 |  4.4
Fighting       | 3 |  3.1
Armour         | 1 |  1.0
Throwing       | |  2.0
Dodging        | |  3.9
Stealth        | |  0.1

Action                   || total
-------------------------++-------
Melee: Quarterstaff      ||    57
       Headbutt          ||     6
Armor: Leather armour    ||    24
Dodge: Dodged            ||    34
